 Dungeon Crawl Stone Soup version 0.30.0-29-ga12c61a403 (webtiles) character file.

Game seed: 8251357097696592097

436 BillyBaka the Ducker (level 7, -3/50 HPs)
             Began as a Djinni Air Elementalist on June 26, 2023.
             Slain by Pikel
             ... wielding a +2 whip of electrocution
              (11 damage)
             ... on level 4 of the Dungeon.
             The game lasted 00:17:13 (3442 turns).

BillyBaka the Ducker (Djinni Air Elementalist)      Turns: 3442, Time: 00:17:14

Health: -3/50      AC:  3    Str: 13    XL:     7   Next: 21%
Gold:   260        EV: 18    Int: 19    God:
                   SH:  4    Dex: 13

rFire   + + .        j - +0 war axe
rCold   x . .        o - +0 buckler
rNeg    . . .        a - +0 robe
rPois   ∞            g - +0 helmet
rElec   .            (no cloak)
rCorr   .            (no gloves)
SInv    .            (boots unavailable)
Will    .....        (no amulet)
Stlth   ++           d - +5 ring of evasion
HPRegen 0.28/turn    f - +6 ring of strength
MPRegen 0.00/turn

%: infuse magic (-4 HP)
@: sluggish, flying, very slightly contaminated, very slow
A: sickness immunity, fire resistance 2, cold vulnerability 1, float, innate
caster, HP casting, extra vitality 1
a: no special abilities


You were on level 4 of the Dungeon.
You visited 1 branch of the dungeon, and saw 4 of its levels.

You collected 260 gold pieces.

Inventory:

Hand Weapons
 j - a +0 war axe (weapon)
Armour
 a - a +0 robe (worn)
 g - a +0 helmet (worn)
 o - a +0 buckler (worn)
Jewellery
 d - a +5 ring of evasion (left hand)
 f - a +6 ring of strength (right hand)
Scrolls
 b - 2 scrolls of immolation {unknown}
 c - a scroll of fog
 h - a scroll of silence
 i - a scroll of magic mapping
 l - a scroll of teleportation {unknown}
 m - 2 scrolls of vulnerability {unknown}
 p - a scroll of summoning {unknown}
 q - a scroll of fear {unknown}
Potions
 e - 3 potions of brilliance {unknown}
 k - 2 potions of curing {unknown}
 n - a potion of berserk rage {unknown}


   Skills:
 + Level 3.1 Fighting
 + Level 4.2 Dodging
 + Level 3.3 Stealth
 + Level 1.4 Shields
 + Level 3.4 Spellcasting


You knew the following spells:

 Your Spells              Type           Power      Damage    Failure   Level
a - Shock                 Conj/Air       64%        1d7       4%          1
b - Static Discharge      Conj/Air       32%        2-4/arc   7%          2
c - Swiftness             Air            16%        N/A       14%         3
d - Airstrike             Air            8%         2d(2-18)  43%         4
e - Slow                  Hex            64%        N/A       4%          1
f - Scorch                Fire           32%        2d6       7%          2
g - Searing Ray           Conj           32%        2d5       7%          2
Your spell library was empty.

Dungeon Overview and Level Annotations

Branches:
Dungeon (4/15)             Temple (0/1) D:4

Altars:
Cheibriados

Annotations:
D:4 Pikel


Innate Abilities, Weirdness & Mutations

You are immune to sickness and miasma.
You are immune to poison.
Your flesh is very heat resistant. (rF++)
You are vulnerable to cold. (rC-)
You float through the air rather than walking.
You learn spells naturally, not from books.
Your magical power is your life essence.
You have superior vitality. (+4 MHP)


Message History

Casting: Shock (safe; 4% risk of failure)
Confirm with . or Enter, or press ? or * to list all spells.
Aiming: Shock (safe; 4% risk of failure)
Press: ? - help, Shift-Dir - straight line, f/p - Pikel
Aim: Pikel, wielding a +2 whip of electrocution and wearing a +0 robe (moderately wounded, strong, 64% to hit)
The zap misses Pikel.
The zap hits the lemure.
The lemure is severely wounded.
Casting: Shock (safe; 4% risk of failure)
Confirm with . or Enter, or press ? or * to list all spells.
Aiming: Shock (safe; 4% risk of failure)
Press: ? - help, Shift-Dir - straight line, f/p - Pikel
Aim: Pikel, wielding a +2 whip of electrocution and wearing a +0 robe (moderately wounded, strong, 64% to hit)
The zap hits Pikel but does no damage.
Pikel is moderately wounded.
The zap hits the lemure!
The lemure is almost dead.
Things that are here:
a +0 whip; a +0 club You start to feel a little faster.
Casting: Shock (safe; 4% risk of failure)
Confirm with . or Enter, or press ? or * to list all spells.
Pikel is struck by an arc of lightning.
Pikel is heavily wounded.
You are struck by an arc of lightning.
Pikel is struck by an arc of lightning.
Pikel is heavily wounded.
The lemure is struck by an arc of lightning.
The lemure is almost dead.
The lightning grounds out.
You block Pikel's attack.
Casting: Static Discharge (safe; 7% risk of failure)
Confirm with . or Enter, or press ? or * to list all spells.
Okay, then.
Casting: Static Discharge (safe; 7% risk of failure)
Confirm with . or Enter, or press ? or * to list all spells.
You miscast Scorch.
You are very lightly contaminated with residual magic.
Nothing appears to happen.
Pikel hits you with a +2 whip of electrocution!
* * * LOW HITPOINT WARNING * * *
You are electrocuted!
You die...

##.# ##
#..# .#
#5##
)##########
#.#
..........#
#.#
#########.#
#)# #.# #5#
#.#######K#
#(......@.#
###########


You could see Pikel (strong) and 2 lemures.

Vanquished Creatures
  Sigmund (D:2)
  An ogre (D:4)
  2 lemures
  A jelly (D:4)
  A sleepcap (D:4)
  6 gnolls
  4 adders
  A worm (D:3)
  2 dart slugs
  2 endoplasms
  A giant cockroach (D:1)
  7 hobgoblins
  2 jackals (D:2)
  A quokka (D:3)
  3 ball pythons
  6 bats
  A frilled lizard (D:1)
  3 goblins
  3 kobolds
  4 rats
52 creatures vanquished.

Notes
Turn   | Place    | Note
-------+----------+-------------------------------------------
     0 | D:1      | BillyBaka the Djinni Air Elementalist began the quest for
                  | the Orb.
     0 | D:1      | BillyBaka set off with the following spells memorised:
                  | Shock, Static Discharge, Swiftness, Airstrike.
     0 | D:1      | Reached XP level 1. HP: 15/15 MP: 0/0
   153 | D:1      | Reached XP level 2. HP: 21/22 MP: 0/0
   237 | D:1      | Found a faded altar of an unknown god.
   807 | D:1      | Reached skill level 1 in Fighting
   964 | D:2      | Reached XP level 3. HP: 16/27 MP: 0/0
   964 | D:2      | Learned a level 1 spell: Slow
  1353 | D:2      | Noticed Sigmund
  1364 | D:2      | Killed Sigmund
  1365 | D:2      | Reached skill level 3 in Dodging
  1365 | D:2      | Reached XP level 4. HP: 17/34 MP: 0/0
  1365 | D:2      | Reached XP level 5. HP: 20/39 MP: 0/0
  1365 | D:2      | Learned a level 2 spell: Scorch
  1365 | D:2      | Reached XP level 6. HP: 22/44 MP: 0/0
  2414 | D:3      | Found a snail-covered altar of Cheibriados.
  2551 | D:4      | Noticed an ogre
  2558 | D:4      | Killed an ogre
  2559 | D:4      | Reached skill level 4 in Dodging
  2559 | D:4      | Reached skill level 1 in Shields
  2702 | D:4      | Found a staircase to the Ecumenical Temple.
  2727 | D:4      | Reached XP level 7. HP: 40/49 MP: 0/0
  2727 | D:4      | Learned a level 2 spell: Searing Ray
  2827 | D:4      | Noticed Pikel
  3442 | D:4      | Slain by Pikel

Illustrated notes

Levels and vault maps discovered:
D:1:      tarquinn_simple_flora_water_a, layout_basic,
          shapermc_ecumenical_altar_ellora, dreamdust_wishing_well
D:2:      layout_loops_ring, uniq_sigmund
D:3:      layout_rooms, general_overflow_altar
D:4:      layout_loops_ring, minmay_temple_entry_statues_fountains, uniq_pikel

Skill      XL: |  1  2  3  4  5  6  7 |
---------------+----------------------+-----
Fighting       | 1 2 3 |  3.1
Stealth        | 2 3 |  3.3
Dodging        | 3 4 |  4.2
Spellcasting   | 3 |  3.4
Shields        | 1 |  1.4

Action                     |  1- 3 |  4- 6 |  7- 9 || total
---------------------------+-------+-------+-------++-------
  Melee: War axe           |     3 |     3 |     8 ||    14
   Cast: Shock             |    59 |    55 |    33 ||   147
         Static Discharge  |       |    11 |     9 ||    20
         Swiftness         |       |     2 |     1 ||     3
    Use: Scroll            |       |     4 |       ||     4
   Stab: Sleeping          |     1 |       |       ||     1
 Armour: Robe              |       |     2 |     3 ||     5
  Dodge: Dodged            |     9 |    32 |    21 ||    62
  Block: Buckler           |       |       |     2 ||     2
